 Dungeon Sprint DCSS version 0.29-a0-221-gceb61267dd (webtiles) character file.

Game seed: 5168297267367834658

59358 mhtbhm the Slayer (level 14, -20/112 HPs)
             Began as a Gargoyle Berserker on Feb 26, 2022.
             Was the Champion of Trog.
             Demolished by Rupert
             ... wielding a +2 vorpal great mace
              (28 damage)
             ... while paralysed by Rupert
             ... in the Dungeon (Sprint III: "The Ten Rune Challenge").
             The game lasted 00:13:43 (7994 turns).

mhtbhm the Slayer (Gargoyle Berserker)              Turns: 7994, Time: 00:13:44

Health: -20/112    AC: 21    Str: 30    XL:     14   Next: 37%
Magic:  14/14      EV:  2    Int:  7    God:    Trog [******]
Gold:   4261       SH:  0    Dex: 13    Spells: 13/13 levels left

rFire   + . .      SeeInvis .   a - +6 demon whip (flame)
rCold   + . .      Faith    .   c - +1 kite shield {AC+3}
rNeg    + + .      Spirit   .   b - +3 ring mail of the End {+Inv Str+3 Dex+4}
rPois   ∞          Reflect  +   k - -2 hat of the Alchemist {rElec rPois rF+ rC+ rN+ Will+ rMut rCorr}
rElec   +          Harm     .   (no cloak)
rCorr   +          Rampage  .   (no gloves)
rMut    +          NoTele   +   (no boots)
Will    ++...                   r - amulet of reflection
Stlth   +++++.....              (no ring)
HPRegen 0.28/turn               (no ring)
MPRegen 0.14/turn

@: paralysed, flying
A: sickness immunity, AC +10, big wings, negative energy resistance 1,
electricity resistance, torment resistance 1, petrification resistance
}: 1/10 runes: serpentine
a: Renounce Religion, Evoke Invisibility, Berserk, Trog's Hand, Brothers in Arms


You were in the Dungeon.
You worshipped Trog.
Trog was exalted by your worship.
You visited 1 branch You collected 5569 gold pieces.
You spent 1308 gold pieces at shops.

Inventory:

Hand Weapons
 a - a +6 demon whip of flaming (weapon)
Missiles
 i - 5 curare-tipped darts (quivered)
 x - 9 javelins
Armour
 b - the +3 ring mail of the End (worn) {+Inv Str+3 Dex+4}
   (You bought it in a shop in the Dungeon)

   Str:       It affects your strength (+3).
   Dex:       It affects your dexterity (+4).
   +Inv:      It lets you turn invisible.
 c - a +1 kite shield of protection (worn)
 k - the -2 hat of the Alchemist (worn) {rElec rPois rF+ rC+ rN+ Will+ rMut rCorr}
   (You bought it in a shop in the Dungeon)

   rF:        It protects you from fire.
   rC:        It protects you from cold.
   rElec:     It insulates you from electricity.
   rPois:     It protects you from poison.
   rN:        It protects you from negative energy.
   rCorr:     It protects you from acid and corrosion.
   rMut:      It protects you from mutation.
   Will:      It increases your willpower.
Jewellery
 r - an amulet of reflection (around neck)
 y - a ring of see invisible
Wands
 u - a wand of paralysis (7)
Scrolls
 h - a scroll of blinking
 j - 2 scrolls of immolation
 m - a scroll of torment
 s - a scroll of fog
 w - 3 scrolls of identify
 z - a scroll of amnesia {unknown}
Potions
 d - a potion of heal wounds
 e - 2 potions of haste
 f - 2 potions of magic
 g - a potion of berserk rage
 l - 2 potions of attraction
 n - a potion of flight {unknown}
 o - 4 potions of mutation
 q - 6 potions of curing
 t - 2 potions of might
Miscellaneous
 p - a box of beasts
 v - a phantom mirror


   Skills:
 + Level 22.9 Fighting
 + Level 21.6 Maces & Flails
 + Level 11.4 Armour
 + Level 14.0 Dodging
 + Level 13.5 Stealth
 + Level 14.2 Shields
 + Level 1.6 Evocations


You had 13 spell levels left.
You didn't know any spells.
Your spell library was empty.

Dungeon Overview and Level Annotations

Branches:
Dungeon (1/1)

Altars:
Cheibriados
Dithmenos
Elyvilon
Fedhas
Gozag
Hepliaklqana
Kikubaaqudgha
Makhleb
Nemelex Xobeh
Okawaru
Qazlal
Ru
Sif Muna
Trog
Uskayaw
Vehumet
Wu Jian
Xom
Yredelemnul
Zin
The Shining One
Beogh
Jiyva
Lugonu

Shops:
D (!=[(![[?(?=:[:

Annotations:
D Rupert


Innate Abilities, Weirdness & Mutations

You are immune to sickness and miasma.
Your stone body is resilient. (AC +10)
You are immune to poison.
Your large and strong wings let you fly.
You resist negative energy. (rN+)
You are resistant to electric shocks. (rElec)
You are resistant to unholy torment.
You are immune to petrification.


Message History

j - 2 scrolls of immolation (gained 1)
You now have 4261 gold pieces (gained 7).
e - 2 potions of haste (gained 1);
q - 6 potions of curing (gained 1)
t - 2 potions of might (gained 1)
You see here a +0 short sword.
You start resting.
HP restored.
You reach down and open the door.
The azure jelly quivers.
There is an open door here.
Rupert the Wild comes into view.
He is wielding a +2 vorpal great mace and wearing a +3 ring mail of fire resistance.
Throw: 7 darts (curare)
Press: ? - help, Q - select action, (/) - cycle Shift-Dir - straight line, f - Rupert
Aim: Rupert, wielding a +2 vorpal great mace and wearing a +3 ring mail of fire resistance (asleep, 98% to hit)
You throw a curare-tipped dart. The curare-tipped dart hits Rupert.
Rupert is poisoned.
Rupert convulses.
Rupert seems to slow down.
Rupert shouts!
Rupert is lightly wounded.
Throw: 6 darts (curare)
Press: ? - help, Q - select action, (/) - cycle Shift-Dir - straight line, f/p - Rupert
Aim: Rupert, wielding a +2 vorpal great mace and wearing a +3 ring mail of fire resistance (lightly wounded, very poisoned, slow, 72% to hit)
You throw a curare-tipped dart. The curare-tipped dart hits Rupert.
Rupert looks as sick as possible!
Rupert convulses.
Rupert seems to be slow for longer.
Rupert is lightly wounded.
You thrash Rupert!! You burn Rupert.
Rupert is heavily wounded.
Rupert yells loudly at you.
You suddenly lose the ability to move!
Rupert roars madly and goes into a rage!
Rupert shakes off his lethargy.
Rupert goes berserk!
Rupert hits you with a +2 vorpal great mace!!
Rupert hits you with a +2 vorpal great mace!
Rupert hits you with a +2 vorpal great mace!!
Rupert hits you with a +2 vorpal great mace!!
* * * LOW HITPOINT WARNING * * *
x2 Rupert barely misses you.
Rupert hits you with a +2 vorpal great mace!!
You die...

#..# #.. ####....#___#__'
▓▓▓▓▓▓▓▓▓▓▓▓▓▓▓▓▓▓▓▓▓▓▓▓▓
▓...'§≈§≈≈.§≈≈♣♣.....♣♣♣♣
▓...#[§.§§§§≈≈♣♣.≈≈≈≈'♣♣'
▓..P#≈.§§§†§≈†)'.....#.≈♣
▓...#≈≈.§§≈†≈≈♣♣♣♣♣♣♣#..♣
▓..)#≈≈≈≈§≈≈≈≈♣ ###'
▓##'####+####### ♣♣♣♣.
▓.......@@(.(... ♣..)#
▓#+############# ♣♣.##
..J# ♣..# ▓...+ ♣♣.#
▓J..# ♣♣.# ▓JJ.# ♣...
#+### ####


You could see Rupert (berserk, very poisoned).

Vanquished Creatures
  Sigmund (D)
  4 bone dragons (D)
  2 sphinxes (D)
  Gastronok (D)
  A nagaraja (D)
  A vampire knight (D)
  2 dire elephants (D)
  Josephine (D)
  A fire dragon (D)
  A yaktaur captain (D)
  A naga warrior (D)
  2 anacondas (D)
  2 hydras (D)
  2 centaur warriors (D)
  4 dancing weapons (D)
  Urug (D)
  2 orc high priests (D)
  A deep elf knight (D)
  A death drake (D)
  4 skeletal warriors (D)
  An orange crystal statue (D)
  A spriggan druid (D)
  3 deep elf pyromancers (D)
  A lindwurm (D)
  2 deep elf zephyrmancers (D)
  An ugly thing (D)
  A guardian serpent (D)
  2 elephants (D)
  A water nymph (shapeshifter) (D)
  4 black mambas (D)
  Edmund (D)
  A cane toad (D)
  An eye of devastation (shapeshifter) (D)
  An unseen horror (D)
  A komodo dragon (D)
  A rime drake (D)
  A guardian mummy (D)
  A queen bee (D)
  3 wandering mushrooms (D)
  4 spriggan defenders (D)
  6 slime creatures (D)
  2 tyrant leeches (D)
  5 blink frogs (D)
  A shadow (D)
  A jumping spider (shapeshifter) (D)
  2 spriggans (D)
  A spatial vortex (D)
  3 redbacks (D)
  A hydra simulacrum (D)
  2 nagas (D)
  3 water moccasins (D)
  A swamp drake (D)
  A black mamba simulacrum (D)
  2 fire dragon simulacra (D)
  A necrophage (D)
  2 centaurs (D)
  An earth elemental (D)
  A scorpion (D)
  A water elemental (D)
  28 killer bees (D)
  An electric eel (D)
  4 orc priests (D)
  A jelly (D)
  5 necromancers (D)
  3 orc wizards (D)
  A wizard (D)
  3 humans (D)
  A kobold demonologist (D)
  3 adders (D)
  2 orcs (D)
  2 bat zombies (D)
  2 endoplasms (D)
  A bat simulacrum (D)
  2 rats (D)
  A bush (D)
164 creatures vanquished.

Vanquished Creatures (collateral kills)
  An orc high priest (D)
  2 orc warriors (D)
  4 killer bees (D)
  An orc wizard (D)
  7 orcs (D)
15 creatures vanquished.

Vanquished Creatures (others)
  18 plants (D)
18 creatures vanquished.

Grand Total: 197 creatures vanquished

Notes
Turn   | Place    | Note
-------+----------+-------------------------------------------
     0 | D        | mhtbhm the Gargoyle Berserker began the quest for the Orb.
     0 | D        | Reached XP level 1. HP: 14/14 MP: 1/1
   261 | D        | Reached ** piety under Trog
   357 | D        | Reached skill level 4 in Fighting
   357 | D        | Reached skill level 1 in Stealth
   357 | D        | Reached XP level 2. HP: 20/20 MP: 2/2
   460 | D        | Noticed a scorpion
   469 | D        | Killed a scorpion
   470 | D        | Reached skill level 6 in Fighting
   470 | D        | Reached XP level 3. HP: 28/28 MP: 3/3
   470 | D        | Reached XP level 4. HP: 32/32 MP: 4/4
   557 | D        | Noticed a water elemental
   562 | D        | Killed a water elemental
   563 | D        | Reached skill level 7 in Fighting
   563 | D        | Reached XP level 5. HP: 38/38 MP: 5/5
   645 | D        | Found a basalt altar of Yredelemnul.
   645 | D        | Found a shadowy altar of Dithmenos.
   645 | D        | Found a sacrificial altar of Ru.
   645 | D        | Noticed a necrophage
   649 | D        | Reached *** piety under Trog
   655 | D        | Killed a necrophage
   656 | D        | Reached skill level 8 in Fighting
   656 | D        | Reached XP level 6. HP: 45/45 MP: 6/6
   960 | D        | Found a radiant altar of Vehumet.
   960 | D        | Found a shimmering blue altar of Sif Muna.
   960 | D        | Found an ancient bone altar of Kikubaaqudgha.
   966 | D        | Reached **** piety under Trog
   967 | D        | Reached skill level 9 in Fighting
  1040 | D        | Found a glowing silver altar of Zin.
  1040 | D        | Found a glowing golden altar of the Shining One.
  1040 | D        | Found a white marble altar of Elyvilon.
  1041 | D        | Noticed a deep elf pyromancer
  1050 | D        | Noticed a fire elemental
  1050 | D        | Noticed a fire elemental
  1052 | D        | HP: 2/69 [fire elemental[a deep elf pyromancer] (13)]
  1055 | D        | Killed a deep elf pyromancer
  1056 | D        | Reached skill level 11 in Fighting
  1056 | D        | Reached skill level 5 in Dodging
  1056 | D        | Reached XP level 7. HP: 3/54 MP: 7/7
  1332 | D        | Found a hide-covered altar of Uskayaw.
  1332 | D        | Found an iron altar of Okawaru.
  1332 | D        | Found a bloodstained altar of Trog.
  1332 | D        | Found an ornate altar of the Wu Jian Council.
  1332 | D        | Noticed a human
  1333 | D        | Noticed a human
  1344 | D        | Killed a human
  1345 | D        | Reached XP level 8. HP: 60/60 MP: 8/8
  1412 | D        | Noticed a shadow
  1423 | D        | Killed a shadow
  1423 | D        | Reached ***** piety under Trog
  1559 | D        | Found a blossoming altar of Fedhas.
  1559 | D        | Found a stormy altar of Qazlal.
  1559 | D        | Found a snail-covered altar of Cheibriados.
  1559 | D        | Found a burning altar of Makhleb.
  1559 | D        | Found a shimmering altar of Xom.
  1560 | D        | Found a hazy altar of Hepliaklqana.
  1560 | D        | Found an opulent altar of Gozag.
  1560 | D        | Found a sparkling altar of Nemelex Xobeh.
  1560 | D        | Found a corrupted altar of Lugonu.
  1560 | D        | Found a viscous altar of Jiyva.
  1792 | D        | Received a gift from Trog
  1793 | D        | Reached skill level 12 in Fighting
  1920 | D        | Noticed Josephine
  1927 | D        | Killed Josephine
  1928 | D        | Reached skill level 13 in Fighting
  1928 | D        | Reached XP level 9. HP: 68/68 MP: 9/9
  1983 | D        | Reached skill level 5 in Stealth
  2164 | D        | Noticed a centaur warrior
  2169 | D        | Killed a centaur warrior
  2170 | D        | Reached skill level 15 in Maces & Flails
  2278 | D        | Killed an unseen horror
  2279 | D        | Reached skill level 14 in Fighting
  2372 | D        | Noticed a wandering mushroom
  2377 | D        | Noticed a wandering mushroom
  2379 | D        | Noticed a wandering mushroom
  2391 | D        | Killed a wandering mushroom
  2391 | D        | Received a gift from Trog
  2392 | D        | Reached XP level 10. HP: 63/75 MP: 10/10
  2527 | D        | Received a gift from Trog
  2545 | D        | Reached skill level 15 in Fighting
  2545 | D        | Received a gift from Trog
  2569 | D        | Reached ****** piety under Trog
  2571 | D        | Received a gift from Trog
  2601 | D        | Received a gift from Trog
  2854 | D        | Found Wigaogg's Armour Emporium.
  2855 | D        | Noticed an orc high priest
  2856 | D        | Noticed a sun demon
  2858 | D        | Noticed an orc high priest
  2858 | D        | Noticed a sun demon
  2868 | D        | Killed an orc high priest
  2869 | D        | Reached skill level 16 in Fighting
  2871 | D        | Killed an orc high priest
  2871 | D        | Received a gift from Trog
  2872 | D        | Reached XP level 11. HP: 45/83 MP: 11/11
  2879 | D        | Received a gift from Trog
  2972 | D        | Bought a +1 kite shield of protection for 165 gold pieces
  3119 | D        | Noticed a deep elf zephyrmancer
  3119 | D        | Noticed a deep elf pyromancer
  3119 | D        | Noticed a deep elf pyromancer
  3119 | D        | Noticed a deep elf zephyrmancer
  3119 | D        | Noticed a deep elf knight
  3131 | D        | Killed a deep elf knight
  3131 | D        | Received a gift from Trog
  3132 | D        | Killed a deep elf pyromancer
  3137 | D        | Killed a deep elf zephyrmancer
  3138 | D        | Reached skill level 17 in Fighting
  3139 | D        | Killed a deep elf zephyrmancer
  3139 | D        | Received a gift from Trog
  3140 | D        | Reached skill level 10 in Dodging
  3141 | D        | Killed a deep elf pyromancer
  3176 | D        | Noticed a deep elf annihilator
  3233 | D        | Noticed Sigmund
  3233 | D        | Noticed Edmund
  3243 | D        | Killed Sigmund
  3244 | D        | Reached skill level 18 in Fighting
  3244 | D        | Reached skill level 1 in Evocations
  3250 | D        | Killed Edmund
  3422 | D        | Received a gift from Trog
  3502 | D        | Noticed an orange crystal statue
  3519 | D        | Killed an orange crystal statue
  3520 | D        | Reached skill level 1 in Shields
  3530 | D        | Found Nyger's Antique Weapon Emporium.
  3530 | D        | Found Ukkeku's Jewellery Shop.
  3530 | D        | Found Kisyutuuzi's Magic Scroll Boutique.
  3530 | D        | Found Vaaletau's Magic Scroll Emporium.
  3530 | D        | Found Boappea's Book Shop.
  3530 | D        | Found Etatuo's Armour Emporium.
  3530 | D        | Found Qivuni's Book Boutique.
  3531 | D        | Found Ichott's Antique Armour Boutique.
  3531 | D        | Found Goikhuir's Antique Armour Shoppe.
  3531 | D        | Found Seck's Distillery.
  3531 | D        | Found Tobbuwin's Weapon Emporium.
  3563 | D        | Bought the -2 hat of the Alchemist {rElec rPois rF+ rC+ rN+
                  | Will+ rMut rCorr} for 566 gold pieces
  3563 | D        | Found the -2 hat of the Alchemist {rElec rPois rF+ rC+ rN+
                  | Will+ rMut rCorr}
  3577 | D        | Bought an amulet of reflection for 330 gold pieces
  3583 | D        | Bought a scroll of fog for 26 gold pieces
  3602 | D        | Bought a crude ring mail for 144 gold pieces
  3602 | D        | Identified the +3 ring mail of the End {+Inv Str+3 Dex+4}
                  | (You bought it in a shop in the Dungeon)
  3611 | D        | Bought a potion of curing for 33 gold pieces
  3611 | D        | Bought a potion of might for 44 gold pieces
  3658 | D        | Received a gift from Trog
  4047 | D        | Reached XP level 12. HP: 61/94 MP: 12/12
  4244 | D        | Noticed a centaur warrior
  4252 | D        | Reached skill level 19 in Fighting
  4256 | D        | Reached skill level 5 in Armour
  4261 | D        | Killed a centaur warrior
  4261 | D        | Received a gift from Trog
  4367 | D        | Noticed a fire dragon
  4378 | D        | Killed a fire dragon
  4944 | D        | Reached skill level 5 in Shields
  4954 | D        | Received a gift from Trog
  4955 | D        | Reached skill level 20 in Fighting
  5214 | D        | Noticed a yaktaur captain
  5226 | D        | Killed a yaktaur captain
  5327 | D        | Received a gift from Trog
  5344 | D        | Noticed a vampire knight
  5349 | D        | Killed a vampire knight
  5412 | D        | Noticed a bone dragon
  5432 | D        | Killed a bone dragon
  5543 | D        | Reached XP level 13. HP: 102/102 MP: 13/13
  5547 | D        | Received a gift from Trog
  5553 | D        | Noticed a bone dragon
  5573 | D        | Killed a bone dragon
  5785 | D        | Noticed a bone dragon
  5803 | D        | Killed a bone dragon
  6078 | D        | Noticed a bone dragon
  6102 | D        | Killed a bone dragon
  6103 | D        | Reached skill level 21 in Fighting
  6316 | D        | Reached skill level 10 in Shields
  6322 | D        | Received a gift from Trog
  6382 | D        | Noticed a sphinx
  6382 | D        | Noticed a sphinx
  6402 | D        | Killed a sphinx
  6402 | D        | Received a gift from Trog
  6403 | D        | Reached skill level 10 in Armour
  6405 | D        | Killed a sphinx
  6406 | D        | Reached skill level 10 in Stealth
  6694 | D        | Received a gift from Trog
  6730 | D        | Noticed Urug
  6732 | D        | Killed Urug
  6867 | D        | Received a gift from Trog
  6868 | D        | Reached skill level 22 in Fighting
  7333 | D        | Received a gift from Trog
  7366 | D        | Gained mutation: Your large and strong wings let you fly.
                  | [Gargoyle growth]
  7366 | D        | Reached XP level 14. HP: 75/112 MP: 14/14
  7525 | D        | Received a gift from Trog
  7549 | D        | Noticed a nagaraja
  7551 | D        | Found Miryoqygg's Antique Weapon Shop.
  7551 | D        | Found Volie's Distillery.
  7553 | D        | Found Yqocaap's Jewellery Boutique.
  7567 | D        | Killed a nagaraja
  7567 | D        | Received a gift from Trog
  7628 | D        | Got a serpentine rune of Zot
  7694 | D        | Found a blossoming altar of Fedhas.
  7855 | D        | Received a gift from Trog
  7918 | D        | Noticed a dire elephant
  7918 | D        | Noticed a dire elephant
  7918 | D        | Noticed Gastronok
  7931 | D        | Killed a dire elephant
  7942 | D        | Killed a dire elephant
  7952 | D        | Killed Gastronok
  7980 | D        | Noticed an azure jelly
  7980 | D        | Noticed an azure jelly
  7980 | D        | Noticed an azure jelly
  7981 | D        | Noticed an azure jelly
  7983 | D        | Noticed Rupert
  7989 | D        | Paralysed by Rupert for 7 turns
  7994 | D        | Demolished by Rupert

Illustrated notes

Levels and vault maps discovered:
D:        dungeon_sprint_mu [sprint_mu_entry_cave, sprint_mu_temple_rooms,
          sprint_mu_d1_horrors, sprint_mu_d2_genie, sprint_mu_d3_branching,
          sprint_mu_orc_legion, sprint_mu_elf_gauntlet, sprint_mu_hive_nellie,
          sprint_mu_lair_fedhas, sprint_mu_vaults_butterflies,
          sprint_mu_slime_circle, sprint_mu_shoals_archi,
          sprint_mu_snake_twists, sprint_mu_blade_basic,
          sprint_mu_crypt_chambers, sprint_mu_tomb_spiral,
          sprint_mu_vestibule_basic, sprint_mu_gehenna_hellfire,
          sprint_mu_dis_giant, sprint_mu_tartarus_statrot,
          sprint_mu_cocytus_islands, sprint_mu_zot1]

Skill      XL: |  1  2  3  4  5  6  7  8  9 10 11 12 13 14 |
---------------+-------------------------------------------+-----
Fighting       | 4 6 7 8 11 13 14 16 18 20 22 | 22.9
Maces & Flails | 4 6 7 8 11 14 15 17 19 20 21 | 21.6
Dodging        | 2 3 5 6 7 9 11 12 13 14 | 14.0
Stealth        | 1 2 3 4 5 6 7 12 13 | 13.5
Armour         | 3 4 8 10 11 | 11.4
Evocations     | 1 |  1.6
Shields        | 1 7 12 14 | 14.2

Action                   |  1- 3 |  4- 6 |  7- 9 | 10-12 | 13-15 || total
-------------------------+-------+-------+-------+-------+-------++-------
Melee: Mace              |    29 |    38 |    39 |       |       ||   106
       Morningstar       |       |       |    41 |   285 |       ||   326
       Punch             |       |       |     2 |       |       ||     2
       Demon whip        |       |       |       |    31 |   276 ||   307
       Eveningstar       |       |       |       |    28 |       ||    28
Throw: Dart              |       |       |       |       |     2 ||     2
Invok: Berserk           |     3 |     4 |     5 |     6 |     2 ||    20
       Brothers in Arms  |       |       |       |     2 |       ||     2
Evoke: Box of beasts     |       |       |       |     2 |       ||     2
  Use: Potion            |       |       |       |     1 |     1 ||     2
       Scroll            |       |       |       |     4 |       ||     4
 Stab: Sleeping          |     1 |       |       |     4 |    14 ||    19
Armor: Animal skin       |     4 |     3 |    12 |    42 |       ||    61
       Ring mail         |       |       |       |    34 |    61 ||    95
Dodge: Dodged            |    10 |    11 |    37 |   149 |    98 ||   305
Block: Kite shield       |       |       |       |    92 |   164 ||   256
       Reflection        |       |       |       |     4 |     3 ||     7

Table legend: (Time is in decaauts)
 A = Elapsed time spent in this place.
 B = Non-inter-level travel time spent in this place.
 C = Inter-level travel time spent in this place.
 D = Time resting spent in this place.
 E = Time spent auto-exploring this place.
 F = Levels seen in this place.
 G = Mean time per level.
                   A        B        C        D        E       F      G
               +--------+--------+--------+--------+--------+-----+--------+
         Total |   7982 |   7959 |     23 |   5578 |    272 |   1 | 7982.0 |
       Dungeon |   7982 |   7959 |     23 |   5578 |    272 |   1 | 7982.0 |
               +--------+--------+--------+--------+--------+-----+--------+

Top non-repeatable levels by time:
       D: 7982 daAuts
